 Dungeon Crawl Stone Soup version 0.28-a0-845-gfc338a8e3c (webtiles) character file.

Game seed: 3735094780414531135

2136 Gwenloh the Ducker (level 9, -12/39 HPs)
             Began as a Spriggan Conjurer on Nov 12, 2021.
             Was a Believer of Sif Muna.
             Mangled by a troll (13 damage)
             ... on level 7 of the Dungeon.
             The game lasted 00:38:15 (10386 turns).

Gwenloh the Ducker (Spriggan Conjurer)             Turns: 10386, Time: 00:38:16

Health: -12/39     AC:  4    Str:  5    XL:     9   Next: 9%
Magic:  8/19       EV: 20    Int: 19    God:    Sif Muna [**....]
Gold:   132        SH:  0    Dex: 15    Spells: 6/20 levels left

rFire   + . .      SeeInvis +   a - +1 dagger (venom)
rCold   + . .      Faith    .   (shield restricted)
rNeg    . . .      Spirit   .   e - +2 robe {Will+}
rPois   .          Reflect  .   (helmet restricted)
rElec   .          Harm     .   d - scarf {rC+ rF+}
rCorr   .          Rampage  .   (gloves unavailable)
Will    ++...                   (boots unavailable)
Stlth   ++........              (no amulet)
HPRegen 0.13/turn               (no ring)
MPRegen 0.16/turn               (no ring)

@: very quick
A: very small, no large weapons, unfitting armour, see invisible, speed 3
a: Renounce Religion, Channel Magic


You were on level 7 of the Dungeon.
You worshipped Sif Muna.
Sif Muna was pleased with you.
You visited 2 branches of the dungeon, and saw 8 of its levels.

You collected 340 gold pieces.
You spent 208 gold pieces at shops.

Inventory:

Hand Weapons
 a - a +1 dagger of venom (weapon)
 m - a +2 short sword of holy wrath
 y - a +0 rapier
 B - a +1 vorpal hand crossbow
 F - a +2 dagger of holy wrath
Missiles
 c - 28 poisoned darts (quivered)
Armour
 d - a scarf of resistance (worn)
 e - a +2 robe of willpower (worn)
 D - a +0 buckler
Magical Staves
 r - a staff of cold
 v - a staff of air
Jewellery
 C - an amulet of faith
Scrolls
 f - a scroll of holy word
 g - a scroll of enchant weapon {unknown}
 i - a scroll of enchant armour
 l - a scroll of fear {unknown}
 n - 2 scrolls of teleportation
 p - a scroll of amnesia {unknown}
 q - a scroll of magic mapping {unknown}
 s - a scroll of blinking {unknown}
 x - a scroll of torment {unknown}
 E - a scroll of fog {unknown}
Potions
 b - 3 potions of flight {unknown}
 h - a potion of ambrosia {unknown}
 j - a potion of haste {unknown}
 k - 2 potions of heal wounds
 o - 5 potions of curing
 t - a potion of cancellation {unknown}
 u - 2 potions of magic {unknown}
 w - a potion of mutation {unknown}
 z - a potion of invisibility
 A - a potion of lignification {unknown}


   Skills:
 - Level 6.9 Dodging
 - Level 3.0 Stealth
 + Level 2.1 Shields
 - Level 6.4 Spellcasting
 - Level 6.2 Conjurations
 - Level 4.9 Hexes
 - Level 3.7 Invocations


You had 6 spell levels left.
You knew the following spells:

 Your Spells              Type           Power      Damage    Failure   Level
a - Magic Dart            Conj           100%       1d8       1%          1
b - Searing Ray           Conj           58%        2d6       1%          2
c - Dazzling Flash        Conj/Hex       54%        N/A       3%          3
d - Fulminant Prism       Conj/Hex       13%        3d9       11%         4
e - Iskenderun's Mystic   Conj/Tloc      17%        2d5       30%         4

Your spell library contained the following spells:

 Spells                   Type           Power      Damage    Failure   Level
 Tukima's Dance           Hex            25%        N/A       4%          3
 Ensorcelled Hibernation  Hex/Ice        30%        N/A       6%          2
 Frozen Ramparts          Ice            12%        1d3       32%         3
 Ice Form                 Ice/Tmut       6%         N/A       71%         4
 Summon Ice Beast         Ice/Summ       6%         N/A       71%         4
 Chain Lightning          Conj/Air       8%         3d11      100%        9
 Fire Storm               Conj/Fire      8%         8d2       100%        9
 Shatter                  Erth           3%         3d7*      100%        9


Dungeon Overview and Level Annotations

Branches:
Dungeon (7/15)             Temple (1/1) D:6

Altars:
Cheibriados
Dithmenos
Elyvilon
Fedhas
Hepliaklqana
Kikubaaqudgha
Makhleb
Nemelex Xobeh
Okawaru
Qazlal
Sif Muna
Trog
Uskayaw
Wu Jian
Yredelemnul
Zin
The Shining One

Shops:
D:3 *   D:6 *


Innate Abilities, Weirdness & Mutations

You are very small and have problems with some larger weapons.
You are too small for most types of armour.
You have supernaturally acute eyesight. (SInv)
You cover ground extremely quickly. (Speed+++)


Message History

Aim: a troll (moderately wounded, 100% to hit)
The magic dart hits the troll.
The troll is moderately wounded.
Casting: Magic Dart (safe; 1% risk of failure)
Confirm with . or Enter, or press ? or * to list all spells.
Aiming: Searing Ray (safe; 1% risk of failure)
Press: ? - help, Shift-Dir - straight line, f/p - troll
Aim: a troll (moderately wounded, 79% to hit)
The searing ray hits the troll.
The troll is heavily wounded. (Press . to maintain the ray.)
The searing ray hits the troll.
The troll is heavily wounded.
The searing ray hits the orc!
You kill the orc!
Sif Muna accepts your kill.
The searing ray hits the troll.
The troll is severely wounded.
The searing ray hits the troll.
The troll is severely wounded.
You finish channelling your searing ray.
The troll barely misses you. The troll completely misses you.
The troll claws you!
Casting: Searing Ray (safe; 1% risk of failure)
Confirm with . or Enter, or press ? or * to list all spells.
Aiming: Searing Ray (safe; 1% risk of failure)
Press: ? - help, Shift-Dir - straight line, f/p - troll
Aim: a troll (severely wounded, 79% to hit)
The searing ray hits the troll.
The troll is severely wounded. (Press . to maintain the ray.)
The troll barely misses you. The troll claws you. The troll claws you!
The searing ray misses the troll.
The troll bites you.
* * * LOW HITPOINT WARNING * * *
The troll closely misses you. The troll claws you!
* * * LOW HITPOINT WARNING * * *
The searing ray hits the troll.
The troll is almost dead.
The troll bites you!
You die...

. .## ..# #..## # .
.# ..# #. #.
.####.#### ##...
##.#####.##.......##
## ##....
.##.....##..###....#
..#. ##..#..
..###.###..##
#..#..###.###.....Z
..........##
##@##.............#
.......####
#.T.......#.....#
########
#..........#...###
##...###........†.
#..)#...[...####
#........###
###..##..# #..###.##
#.# ##.#


You could see a troll.

Vanquished Creatures
  Eustachio (D:6)
  2 water moccasins
  An orc warrior (D:6)
  An ice beast (D:5)
  2 ogres
  A sky beast (D:7)
  3 kobold brigands
  Blork the orc (D:6)
  2 bullfrogs (D:7)
  A scorpion (D:6)
  A wyvern skeleton (D:7)
  A killer bee (D:7)
  A wight (D:7)
  A bullfrog zombie (D:6)
  A hound (D:4)
  2 orc priests
  2 bullfrog skeletons (D:6)
  2 centaur skeletons (D:7)
  5 orc wizards
  3 killer bee zombies (D:7)
  A hound skeleton (D:4)
  3 gnolls (D:5)
  A howler monkey skeleton (D:7)
  8 adders
  3 shadow imps
  3 white imps
  An ufetubus (D:5)
  3 worms
  5 dart slugs
  20 orcs
  5 endoplasms
  2 giant cockroaches (D:3)
  8 goblins
  5 hobgoblins
  6 jackals (D:4)
  A quokka (D:4)
  7 ball pythons
  11 bats
  2 frilled lizards
  15 kobolds
  6 rats
150 creatures vanquished.

Vanquished Creatures (others)
  6 fulminant prisms
  A plant (D:3)
7 creatures vanquished.

Grand Total: 157 creatures vanquished

Notes
Turn   | Place    | Note
-------+----------+-------------------------------------------
     0 | D:1      | Gwenloh the Spriggan Conjurer began the quest for the Orb.
     0 | D:1      | Reached XP level 1. HP: 9/9 MP: 5/5
   399 | D:1      | Reached XP level 2. HP: 13/13 MP: 4/6
   402 | D:1      | Learned a level 2 spell: Searing Ray
   947 | D:1      | Reached XP level 3. HP: 16/16 MP: 3/8
  1136 | D:1      | Learned a level 3 spell: Dazzling Flash
  1693 | D:2      | Found a faded altar of an unknown god.
  1979 | D:2      | Reached XP level 4. HP: 21/21 MP: 3/10
  3368 | D:3      | Found Inus's General Store.
  3379 | D:3      | Bought a potion of heal wounds for 65 gold pieces
  3548 | D:3      | Learned a level 4 spell: Fulminant Prism
  3668 | D:3      | Found a hazy altar of Hepliaklqana.
  4121 | D:4      | Reached skill level 1 in Hexes
  4121 | D:4      | Reached XP level 5. HP: 24/24 MP: 5/12
  4541 | D:4      | Found an iron altar of Okawaru.
  5017 | D:4      | Found a shimmering blue altar of Sif Muna.
  5023 | D:4      | Became a worshipper of Sif Muna the Loreminder
  5479 | D:5      | Entered Level 5 of the Dungeon
  5557 | D:5      | Noticed a water moccasin
  5590 | D:5      | Killed a water moccasin
  5591 | D:5      | Reached XP level 6. HP: 28/28 MP: 6/13
  5702 | D:5      | Reached skill level 1 in Invocations
  6186 | D:5      | Reached skill level 5 in Dodging
  6186 | D:5      | Reached XP level 7. HP: 32/32 MP: 8/15
  6428 | D:5      | Reached skill level 5 in Spellcasting
  6701 | D:6      | Noticed Blork the orc
  6775 | D:6      | Reached * piety under Sif Muna
  6887 | D:6      | Reached skill level 5 in Conjurations
  6947 | D:6      | Killed Blork the orc
  7432 | D:6      | Found a staircase to the Ecumenical Temple.
  7837 | D:6      | Reached XP level 8. HP: 36/36 MP: 13/17
  8156 | D:6      | Learned a level 4 spell: Iskenderun's Mystic Blast
  8222 | D:6      | Found Qirhamu's General Store.
  8230 | D:6      | Bought a scroll of teleportation for 39 gold pieces
  8230 | D:6      | Bought a potion of invisibility for 104 gold pieces
  8253 | D:6      | Noticed Eustachio
  8275 | D:6      | Killed Eustachio
  8752 | Temple   | Entered the Ecumenical Temple
  9028 | D:7      | Noticed a two-headed ogre
  9114 | D:7      | Upgraded the game from 0.28-a0-834-g1a73be5ee4 to
                  | 0.28-a0-845-gfc338a8e3c
  9287 | D:7      | Noticed a troll
  9421 | D:7      | Noticed a deep elf pyromancer
  9731 | D:7      | Reached ** piety under Sif Muna
  9732 | D:7      | Reached skill level 1 in Shields
  9821 | D:7      | Reached XP level 9. HP: 39/39 MP: 14/19
 10304 | D:7      | Noticed a manticore
 10385 | D:7      | HP: 1/39 [troll (8)]
 10386 | D:7      | Mangled by a troll

Illustrated notes

Levels and vault maps discovered:
D:1:      tarquinn_simple_flora_water_b, layout_basic
D:2:      layout_loops_corners, basic_ecumenical_altar
D:3:      layout_basic, nicolae_hepliaklqana_hazy_memory, serial_shops,
          nicolae_shop_trees
D:4:      layout_layer_cave, led_sif_pool, mainiacjoe_overflow_cross_hatched
D:5:      layout_rooms
D:6:      layout_gridville, minmay_temple_entry_overgrown, serial_shops, shop,
          uniq_eustachio, uniq_blork_the_orc
D:7:      minmay_the_grid_octo_tiled_octocenter [minmay_the_grid_octo_pinwheel,
          minmay_the_grid_octo_concentric, minmay_the_grid_octo_checkerflower,
          minmay_the_grid_octo_shrine,
          minmay_the_grid_octo_prize_ultimate_mussel_roller,
          minmay_the_grid_square_5x5_dogpile,
          minmay_the_grid_square_5x5_inverted_slash,
          minmay_the_grid_square_5x5_gyroscope,
          minmay_the_grid_square_5x5_two_walls_a], layout_layer_cave,
          minmay_alternating_orb
Temple:   eino_temple_water

Skill      XL: |  1  2  3  4  5  6  7  8  9 |
---------------+----------------------------+-----
Conjurations   | 3 4 5 6 |  6.2
Dodging        | 3 4 5 6 |  6.9
Spellcasting   | 3 4 5 6 |  6.4
Hexes          | 1 2 3 4 |  4.9
Invocations    | 1 2 3 |  3.7
Shields        | 1 2 |  2.1
Stealth        | |  3.0

Action                   |  1- 3 |  4- 6 |  7- 9 || total
-------------------------+-------+-------+-------++-------
Melee: Unarmed           |     4 |       |       ||     4
       Dagger            |     1 |     3 |     1 ||     5
Throw: Dart              |     3 |       |     1 ||     4
 Cast: Magic Dart        |    81 |   123 |   107 ||   311
       Searing Ray       |     4 |    24 |    57 ||    85
       Dazzling Flash    |       |     1 |     1 ||     2
       Fulminant Prism   |       |       |     6 ||     6
       Iskenderun's Myst |       |       |     1 ||     1
Invok: Channel Magic     |       |       |     1 ||     1
  Use: Potion            |       |     1 |     1 ||     2
       Scroll            |       |       |     4 ||     4
Armor: Robe              |     3 |     2 |     6 ||    11
Dodge: Dodged            |     5 |    24 |    55 ||    84

Table legend: (Time is in decaauts)
 A = Elapsed time spent in this place.
 B = Non-inter-level travel time spent in this place.
 C = Inter-level travel time spent in this place.
 D = Time resting spent in this place.
 E = Time spent auto-exploring this place.
 F = Levels seen in this place.
 G = Mean time per level.
                   A        B        C        D        E       F      G
               +--------+--------+--------+--------+--------+-----+--------+
         Total |   8235 |   8020 |    215 |   2900 |   3356 |   8 | 1029.4 |
       Dungeon |   8103 |   7897 |    206 |   2900 |   3240 |   7 | 1157.6 |
        Temple |    131 |    122 |      9 |      0 |    115 |   1 |  131.0 |
               +--------+--------+--------+--------+--------+-----+--------+

Top non-repeatable levels by time:
     D:6: 1759 daAuts
     D:4: 1373 daAuts
     D:1: 1055 daAuts
     D:2: 1034 daAuts
     D:5: 1014 daAuts
     D:7: 968 daAuts
     D:3: 899 daAuts
  Temple: 131 daAuts
